 Dungeon Crawl Stone Soup version 0.31-a0-198-g2ad674f65e (webtiles) character file.

Game seed: 7903760627385936108

95 qw the Shooter (level 4, -3/25 HPs)
             Began as a Deep Elf Hunter on June 25, 2023.
             Slain by a gnoll
             ... wielding a +0 flail
              (5 damage)
             ... on level 2 of the Dungeon.
             The game lasted 00:00:27 (1042 turns).

qw the Shooter (Deep Elf Hunter)                    Turns: 1042, Time: 00:00:27

Health: -3/25      AC:  3    Str: 10    XL:     4   Next: 39%
Magic:  6/6        EV: 12    Int: 14    God:
Gold:   80         SH:  0    Dex: 18    Spells: 3/3 levels left

rFire   . . .        Y - +0 shortbow
rCold   . . .        (shield currently unavailable)
rNeg    . . .        c - +0 leather armour
rPois   +            (no helmet)
rElec   .            (no cloak)
rCorr   .            (no gloves)
SInv    .            (no boots)
Will    .....        (no amulet)
Stlth   ++           e - ring of poison resistance
HPRegen 0.24/turn    (no ring)
MPRegen 0.10/turn

%: no passive effects
@: no status effects
A: no striking features
a: no special abilities


You were on level 2 of the Dungeon.
You visited 1 branch of the dungeon, and saw 2 of its levels.

You collected 80 gold pieces.


   Skills:
 - Level 1.5 Fighting
 + Level 7.8 Ranged Weapons
 - Level 2.4 Dodging
 - Level 1.2 Stealth


You had 3 spell levels left.
You didn't know any spells.
Your spell library was empty.

Inventory:

Hand Weapons
 Y - a +0 shortbow (weapon)
Armour
 c - a +0 leather armour (worn)
Jewellery
 e - a ring of poison resistance (left hand)
Potions
 d - a potion of enlightenment {unknown}
 j - a potion of curing {unknown}

Dungeon Overview and Level Annotations

Branches:
Dungeon (2/15)

Altars:


Message History

A gnoll comes into view. It is wielding a +0 whip.
Enter note:
Enter note:
Enter note:
Enter note:
Enter note:
Enter note: You shoot an arrow.
The arrow hits the gnoll.
The gnoll shouts!
The gnoll is lightly wounded.
You hear a shout! x2
You shoot an arrow. The arrow barely misses the gnoll.
A gnoll comes into view. It is wielding a +3 halberd.
You shoot an arrow. The arrow hits the gnoll.
The gnoll is lightly wounded.
You shoot an arrow. The arrow hits the gnoll!
The gnoll is almost dead.
You shoot an arrow. The arrow closely misses the gnoll.
You hear a shout!
The gnoll hits you with a +3 halberd!
Ouch! That really hurt!
The gnoll closely misses you.
You shoot an arrow. The arrow closely misses the gnoll.
The gnoll closely misses you.
A gnoll comes into view. It is wielding a +0 flail.
The gnoll hits you with a +0 whip.
You shoot an arrow. The arrow hits the gnoll.
You kill the gnoll!
The gnoll barely misses you.
You shoot an arrow. The arrow completely misses the gnoll.
The gnoll misses you.
You shoot an arrow. The arrow completely misses the gnoll.
The gnoll barely misses you. The gnoll misses you.
You shoot an arrow. The arrow hits the gnoll!
You kill the gnoll!
The gnoll hits you with a +0 flail.
You shoot an arrow.
The arrow hits the gnoll but does no damage.
The gnoll hits you with a +0 flail.
You die...

^......# #...#..###.. .......#
#......# . .......# ##+##..#
.#...### #..# .....###### #..#
###......... ## #######.#####
............ .# #............
#################g# ###.#.>..)...
................@)# #...........
#################......#.........
.####>..#....... .# ######.....#
.# #...... .# #.....# .# #......
.# #.#.### #.#.#


You could see a gnoll.

Vanquished Creatures
  4 adders (D:2)
  2 gnolls (D:2)
  3 worms (D:2)
  A dart slug (D:2)
  A bat (D:1)
  3 endoplasms
  A giant cockroach (D:1)
  6 goblins
  A hobgoblin (D:1)
  5 kobolds
  A quokka (D:1)
  A ball python (D:2)
  A frilled lizard (D:1)
  2 rats
32 creatures vanquished.

Notes
Turn   | Place    | Note
-------+----------+-------------------------------------------
     0 | D:1      | qw the Deep Elf Hunter began the quest for the Orb.
     0 | D:1      | Reached XP level 1. HP: 12/12 MP: 3/3
     0 | D:1      | 0 ||| qw: Version: 0.3-a-22-g0ed2b0b
     0 | D:1      | 0 ||| qw: Game counter: 5042
     0 | D:1      | 0 ||| qw: Melee chars always use a shield: true
     0 | D:1      | 0 ||| qw: God list: Okawaru
     0 | D:1      | 0 ||| qw: Allow faded altars: false
     0 | D:1      | 0 ||| qw: Do Orc after clearing Dungeon:15 true
     0 | D:1      | 0 ||| qw: Do second Lair branch before Depths: true
     0 | D:1      | 0 ||| qw: Lair rune preference: random
     0 | D:1      | 0 ||| qw: Goals: Normal
     0 | D:1      | 0 ||| PLANNING D:1-11
   124 | D:1      | Reached XP level 2. HP: 16/16 MP: 4/4
   132 | D:1      | Reached skill level 6 in Ranged Weapons
   611 | D:1      | 611 ||| UPGRADING to ring of poison resistance.
   612 | D:1      | 612 ||| READING scroll labelled PETAJ TOANT.
   615 | D:1      | 615 ||| READING 3 scrolls labelled SOOCVEXUIMN.
   616 | D:1      | 616 ||| READING scroll labelled KURUITASSU.
   617 | D:1      | 617 ||| READING scroll labelled YSIDDY JEUFIMO.
   618 | D:1      | 618 ||| DROPPING scroll of butterflies.
   619 | D:1      | 619 ||| DROPPING 2 scrolls of vulnerability.
   679 | D:2      | Reached XP level 3. HP: 16/20 MP: 5/5
   712 | D:2      | Reached skill level 7 in Ranged Weapons
   890 | D:2      | Reached XP level 4. HP: 25/25 MP: 6/6
  1037 | D:2      | HP: 4/25 [gnoll/+0 whip (5)]
  1041 | D:2      | HP: 1/25 [gnoll/+0 flail (4)]
  1042 | D:2      | Slain by a gnoll

Levels and vault maps discovered:
D:1:      tarquinn_simple_flora_water_f, layout_basic
D:2:      layout_loops_ring, shapermc_ecumenical_altar_mp_vishouse,
          serial_shops, shop, kennysheep_minor_cross, minmay_strange_pillars

Skill      XL: |  1  2  3 |
---------------+----------+-----
Ranged Weapons | 6 7 |  7.8
Fighting       | |  1.5
Dodging        | |  2.4
Stealth        | |  1.2

Action                     |  1- 3 |  4- 6 || total
---------------------------+-------+-------++-------
   Fire: Shortbow          |    94 |    16 ||   110
    Use: Scroll            |     4 |       ||     4
 Armour: Leather armour    |     9 |       ||     9
  Dodge: Dodged            |    16 |     7 ||    23

Table legend:
 A = Non-vault XP
 B = Vault XP
 C = Vault XP percentage of total XP
 D = Non-vault monster count
 E = Vault monster count
 F = Vault count percentage of total count
                 A         B        C        D         E       F
            +---------+---------+-------+---------+---------+-------
      Total |     136 |       0 |   0.0 |      32 |       0 |   0.0
            +---------+---------+-------+---------+---------+-------
        D:1 |      22 |       0 |   0.0 |      13 |       0 |   0.0
        D:2 |     114 |       0 |   0.0 |      19 |       0 |   0.0
            +---------+---------+-------+---------+---------+-------
